 Dungeon Crawl Stone Soup version 0.26-a0-1191-ge2a0e31ab3 (webtiles) character file.

Game seed: 4987913386223498368

102 DuloT34 the Magician (level 4, 0/24 HPs)
             Began as a Deep Elf Ice Elementalist on Dec 28, 2020.
             Slain by an orc
             ... wielding a +0 trident
              (4 damage)
             ... on level 3 of the Dungeon.
             The game lasted 00:04:24 (2746 turns).

DuloT34 the Magician (Deep Elf Ice Elementalist)    Turns: 2746, Time: 00:04:25

Health: 0/24       AC:  3    Str:  5    XL:     4   Next: 49%
Magic:  9/13       EV: 13    Int: 21    God:
Gold:   161        SH:  0    Dex: 15    Spells: 13/14 levels left

rFire    + . .     SeeInvis .   e - +0 dagger
rCold    . . .     Faith    .   (no shield)
rNeg     . . .     Spirit   .   a - +0 robe
rPois    .         Reflect  .   (no helmet)
rElec    .         Harm     .   h - +0 cloak
rCorr    .         Rampage  .   (no gloves)
Will     .....                  (no boots)
Stlth    ++........             (no amulet)
HPRegen  0.08/turn              g - ring of protection from fire
MPRegen  0.13/turn              (no ring)

@: no status effects
A: no striking features
a: no special abilities


You were on level 3 of the Dungeon.
You visited 1 branch of the dungeon, and saw 3 of its levels.

You collected 161 gold pieces.

Inventory:

Hand Weapons
 e - a +0 dagger (weapon)
 l - a +2 vampiric trident
Armour
 a - a +0 robe (worn)
 h - a +0 cloak (worn)
Jewellery
 g - a ring of protection from fire (left hand)
Scrolls
 b - 3 scrolls of teleportation
 c - 2 scrolls of remove curse
 i - 2 scrolls of amnesia
 m - a scroll of random uselessness
Potions
 d - a potion of lignification {unknown}
 f - a potion of might
 j - 2 potions of mutation
 k - a potion of resistance {unknown}
 n - a potion of brilliance {unknown}


   Skills:
 - Level 2.4 Dodging
 - Level 2.4 Stealth
 * Level 5.6 Spellcasting
 + Level 5.2 Ice Magic


You had 13 spell levels left.
You knew the following spells:

 Your Spells              Type           Power        Failure   Level
a - Freeze                Ice            100%         1%          1

Your spell library contained the following spells:

 Spells                   Type           Power        Failure   Level
 Frozen Ramparts          Ice            54%          3%          3
 Ozocubu's Armour         Ice            27%          3%          3
 Hailstorm                Conj/Ice       16%          34%         4
 Summon Ice Beast         Ice/Summ       16%          34%         4


Dungeon Overview and Level Annotations

Branches:
Dungeon (3/15)

Altars:

Annotations:
D:2 Sigmund


Message History

The weapon returns to the orc!
The orc throws a silver boomerang.
The silver boomerang barely misses you.
The weapon returns to the orc!
The orc throws a silver boomerang.
The silver boomerang hits you.
The weapon returns to the orc!
The orc shouts!
The orc hits you from afar with a +0 trident!
* * * LOW HITPOINT WARNING * * *
The frilled lizard hisses angrily.
The orc hits you with a +0 trident.
* * * LOW HITPOINT WARNING * * *
Casting: Freeze (safe; 1% risk of failure)
Confirm with . or Enter, or press ? or * to list all spells.
Aiming: Freeze (safe; 1% risk of failure)
Press: ? - help, Shift-Dir - straight line, f - orc
Aim: an orc, wielding a +0 trident and quivering 4 silver boomerangs You freeze the orc.
You kill the orc!
The orc hits you from afar with a +0 trident.
You die...

#.# #...####o# #.#
#...# #o# #.# #...#
#o# #.# #...# #.#
#.####...# #.#
######........####l#
#<............##oo.#
###########.####)###
#....@.# #.######
###


You could see 2 orcs and a frilled lizard.

Vanquished Creatures
  Jessica (D:3)
  Terence (D:3)
  An adder (D:3)
  A leopard gecko (D:1)
  3 orcs (D:3)
  2 giant cockroaches (D:1)
  4 goblins
  4 hobgoblins
  2 jackals (D:1)
  3 bats
  2 frilled lizards (D:1)
  9 kobolds
  7 rats
40 creatures vanquished.

Notes
Turn   | Place    | Note
-------+----------+-------------------------------------------
     0 | D:1      | DuloT34 the Deep Elf Ice Elementalist began the quest for
                  | the Orb.
     0 | D:1      | Reached XP level 1. HP: 10/10 MP: 6/6
   456 | D:1      | Reached XP level 2. HP: 15/15 MP: 5/8
  1622 | D:2      | Noticed Sigmund
  1752 | D:3      | Reached XP level 3. HP: 17/19 MP: 5/10
  1791 | D:3      | Noticed Terence
  1804 | D:3      | Killed Terence
  1805 | D:3      | Reached skill level 5 in Spellcasting
  1805 | D:3      | Reached skill level 5 in Ice Magic
  1908 | D:3      | Noticed Jessica
  1911 | D:3      | Killed Jessica
  1912 | D:3      | Reached XP level 4. HP: 24/24 MP: 11/13
  2746 | D:3      | Slain by an orc

Illustrated notes

Levels and vault maps discovered:
D:1:      dpeg_arrival_short_road, layout_basic
D:2:      layout_basic, uniq_robin, uniq_natasha, uniq_sigmund
D:3:      layout_basic, uniq_jessica, uniq_crazy_yiuf_cottage, uniq_terence

Skill      XL: |  1  2  3 |
---------------+----------+-----
Spellcasting   | 4 5 |  5.6
Ice Magic      | 5 |  5.2
Dodging        | |  2.4
Stealth        | |  2.4

Action                   |  1- 3 |  4- 6 || total
-------------------------+-------+-------++-------
Melee: Dagger            |    21 |     5 ||    26
       Unarmed           |     1 |       ||     1
 Cast: Freeze            |    36 |    20 ||    56
  Use: Scroll            |       |     7 ||     7
 Stab: Sleeping          |     1 |       ||     1
Armor: Robe              |     7 |     4 ||    11
Dodge: Dodged            |    32 |    14 ||    46

Table legend: (Time is in decaauts)
 A = Elapsed time spent in this place.
 B = Non-inter-level travel time spent in this place.
 C = Inter-level travel time spent in this place.
 D = Time resting spent in this place.
 E = Time spent auto-exploring this place.
 F = Levels seen in this place.
 G = Mean time per level.
                   A        B        C        D        E       F      G
               +--------+--------+--------+--------+--------+-----+--------+
         Total |   2743 |   2730 |     13 |    531 |   1892 |   3 |  914.3 |
       Dungeon |   2743 |   2730 |     13 |    531 |   1892 |   3 |  914.3 |
               +--------+--------+--------+--------+--------+-----+--------+

Top non-repeatable levels by time:
     D:1: 1398 daAuts
     D:3: 1114 daAuts
     D:2: 230 daAuts
